 Dungeon Crawl Stone Soup version 0.29-a0-384-g6960b1960d (webtiles) character file.

Game seed: 6093646584732327923

100 jlumianski the Covered (level 4, -5/35 HPs)
             Began as a Demonspawn Fighter on May 6, 2022.
             Slain by a steam dragon (7 damage)
             ... on level 3 of the Dungeon.
             The game lasted 00:06:54 (3200 turns).

jlumianski the Covered (Demonspawn Fighter)         Turns: 3200, Time: 00:06:55

Health: -5/35      AC: 11    Str: 18    XL:     4   Next: 46%
Magic:  4/4        EV:  6    Int: 10    God:
Gold:   21         SH:  9    Dex: 12    Spells: 3/3 levels left

rFire   . . .      SeeInvis .   a - +1 war axe
rCold   . . .      Faith    .   c - +0 buckler
rNeg    . . .      Spirit   .   s - +0 chain mail
rPois   .          Reflect  +   (no helmet)
rElec   .          Harm     .   (no cloak)
rCorr   .          Rampage  .   (no gloves)
Will    .....                   (no boots)
Stlth   ..........              n - amulet of reflection
HPRegen 0.11/turn               i - ring of wizardry
MPRegen 0.09/turn               (no ring)

@: no status effects
A: claws 1, thin metallic scales 1, foul stench 1
a: no special abilities


You were on level 3 of the Dungeon.
You visited 1 branch of the dungeon, and saw 3 of its levels.

You collected 81 gold pieces.
You spent 60 gold pieces at shops.

Inventory:

Hand Weapons
 a - a +1 war axe (weapon)
 g - a +0 fustibalus
 o - a +2 vorpal mace
Missiles
 e - 61 stones
 f - a poisoned dart (quivered)
Armour
 b - a +0 scale mail
 c - a +0 buckler (worn)
 s - a +0 chain mail (worn)
Magical Staves
 m - a staff of air
Jewellery
 i - a ring of wizardry (left claw)
 n - an amulet of reflection (around neck)
Scrolls
 j - a scroll of blinking
 q - 2 scrolls of teleportation {unknown}
Potions
 d - a potion of might
 h - a potion of resistance
 k - a potion of brilliance
 l - a potion of curing
 p - a potion of flight {unknown}
 r - a potion of heal wounds {unknown}


   Skills:
 + Level 3.3 Fighting
 + Level 2.4 Axes
 + Level 3.9 Armour
 + Level 0.2 Dodging
 + Level 3.1 Shields


You had 3 spell levels left.
You didn't know any spells.
Your spell library was empty.

Dungeon Overview and Level Annotations

Branches:
Dungeon (3/15)

Altars:

Shops:
D:3 !


Innate Abilities, Weirdness & Mutations

You have sharp fingernails.
You are partially covered in thin metallic scales. (AC +2)
You may rarely emit foul miasma when damaged in melee.


Message History

You throw a poisoned dart.
The poisoned dart hits the steam dragon.
The steam dragon is lightly wounded.
You hit the steam dragon but do no damage.
The steam dragon is lightly wounded.
The steam dragon breathes steam at you. The ball of steam misses you.
The steam dragon bites you.
The steam dragon claws you but does no damage.
You hit the steam dragon.
The steam dragon is moderately wounded.
You are engulfed in a cloud of scalding steam.
You block the steam dragon's attack. x2
You block the steam dragon's attack.
The steam dragon claws you but does no damage.
You closely miss the steam dragon.
The steam dragon is moderately wounded.
The steam dragon looks more healthy.
The steam dragon breathes steam at you. The ball of steam hits you!!
Ouch! That really hurt!
* * * LOW HITPOINT WARNING * * *
The steam dragon bites you but does no damage.
The steam dragon claws you but does no damage.
The steam dragon bites you but does no damage.
The steam dragon claws you but does no damage.
You feel better. The steam dragon bites you.
* * * LOW HITPOINT WARNING * * *
The steam dragon claws you but does no damage.
You feel better. The steam dragon breathes steam at you.
The ball of steam misses you. The steam dragon bites you.
* * * LOW HITPOINT WARNING * * *
The steam dragon claws you.
* * * LOW HITPOINT WARNING * * *
You see here a poisoned dart.
You barely miss the steam dragon.
The steam dragon is moderately wounded.
The steam dragon bites you!
You die...

.. #...... ... ### ## .
.....#. .... ..
.###...........
....##.##.............##
..#........#............
....#..#.###...##....###
..............# #.) ..#
....###D§§§§#.###.# #.##
.. #@....#.....###.##
....###.....##....##....
......(...>........†....
.....##..#..##..#####...
......#..#..##.## #....
.......(.#####.# #.##.
.....#.....##..# ##.##.
.<## #...#.)..## ##..##.
#....####..####..###.


You could see a steam dragon (catching breath).

Vanquished Creatures
  Terence (D:2)
  2 adders (D:2)
  3 worms
  3 dart slugs
  2 orcs (D:3)
  3 ball pythons
  2 endoplasms
  3 goblins (D:2)
  2 hobgoblins (D:2)
  4 jackals (D:2)
  4 kobolds
  2 quokkas
  4 bats
  2 frilled lizards
  3 rats
40 creatures vanquished.

Notes
Turn   | Place    | Note
-------+----------+-------------------------------------------
     0 | D:1      | jlumianski the Demonspawn Fighter began the quest for the
                  | Orb.
     0 | D:1      | Reached XP level 1. HP: 18/18 MP: 1/1
   234 | D:1      | Found a faded altar of an unknown god.
  1180 | D:1      | Gained mutation: You are partially covered in thin metallic
                  | scales. (AC +2) [demonic ancestry]
  1180 | D:1      | Reached XP level 2. HP: 24/24 MP: 2/2
  1508 | D:2      | HP: 1/24 [poisoned by an adder]
  1509 | D:2      | Gained mutation: You have sharp fingernails. [demonic
                  | ancestry]
  1509 | D:2      | Reached XP level 3. HP: 2/29 MP: 3/3
  2705 | D:3      | Noticed Terence
  2719 | D:2      | Killed Terence
  2720 | D:2      | Gained mutation: You may rarely emit foul miasma when
                  | damaged in melee. [demonic ancestry]
  2720 | D:2      | Reached XP level 4. HP: 11/35 MP: 4/4
  3070 | D:3      | Found Mialibus's Distillery.
  3088 | D:3      | Bought a potion of curing for 30 gold pieces
  3088 | D:3      | Bought a potion of curing for 30 gold pieces
  3182 | D:3      | Noticed a steam dragon
  3200 | D:3      | Slain by a steam dragon

Illustrated notes

Levels and vault maps discovered:
D:1:      saegor_arrival_simple_d, layout_loops_corners,
          hellmonk_ecumenical_altar_pennies_from_heaven, minivault_4
D:2:      layout_basic
D:3:      layout_rooms, serial_shops, nicolae_shop_waterfront, uniq_terence

Skill      XL: |  1  2 |
---------------+-------+-----
Shields        | 3 |  3.1
Axes           | 2 |  2.4
Armour         | 3 |  3.9
Fighting       | |  3.3
Dodging        | |  0.2

Action                   |  1- 3 |  4- 6 || total
-------------------------+-------+-------++-------
Melee: War axe           |   151 |    19 ||   170
Throw: Stone             |     3 |       ||     3
       Dart              |     3 |     9 ||    12
  Use: Scroll            |     3 |       ||     3
       Potion            |     1 |     2 ||     3
Armor: Scale mail        |    90 |     1 ||    91
       Chain mail        |       |     7 ||     7
Dodge: Dodged            |    65 |     3 ||    68
Block: Buckler           |    37 |    10 ||    47

Table legend: (Time is in decaauts)
 A = Elapsed time spent in this place.
 B = Non-inter-level travel time spent in this place.
 C = Inter-level travel time spent in this place.
 D = Time resting spent in this place.
 E = Time spent auto-exploring this place.
 F = Levels seen in this place.
 G = Mean time per level.
                   A        B        C        D        E       F      G
               +--------+--------+--------+--------+--------+-----+--------+
         Total |   3279 |   3202 |     77 |    564 |   1935 |   3 | 1093.0 |
       Dungeon |   3279 |   3202 |     77 |    564 |   1935 |   3 | 1093.0 |
               +--------+--------+--------+--------+--------+-----+--------+

Top non-repeatable levels by time:
     D:2: 1743 daAuts
     D:1: 1247 daAuts
     D:3: 288 daAuts
